 Dungeon Crawl Stone Soup version 0.21.1-1-g345015f (webtiles) character file.

46 Labyrinth the Insei (level 3, -3/26 HPs)
             Began as a Merfolk Transmuter on July 21, 2018.
             Slain by Sigmund
             ... wielding a +0 scythe
              (4 damage)
             ... on level 2 of the Dungeon.
             The game lasted 00:14:19 (1423 turns).

Labyrinth the Insei (Merfolk Transmuter)            Turns: 1423, Time: 00:14:21

Health: -3/26      AC:  3    Str: 10    XL:     3   Next: 68%
Magic:  0/6        EV: 13    Int: 13    God:
Gold:   90         SH:  0    Dex: 14    Spells: 0/6 levels left

rFire    . . .     SeeInvis .   C - +0 dagger (venom)
rCold    . . .     Gourm    .   (no shield)
rNeg     . . .     Faith    .   E - +0 leather armour
rPois    .         Spirit   +   (no helmet)
rElec    .         Reflect  .   p - scarf {Spirit}
rCorr    .         Harm     .   (no gloves)
MR       .....                  (no boots)
Stlth    +.........             (no amulet)
HPRegen  0.08/turn              (no ring)
MPRegen  0.10/turn              (no ring)

@: appendage (expiring), hasted, very quick
A: change form in water, swift swim, stealthy swim, horns 2
a: End Transformation


You were on level 2 of the Dungeon.
You were not hungry.
You had grown temporary horns.
You visited 1 branch of the dungeon, and saw 2 of its levels.

You collected 90 gold pieces.

Inventory:

Hand Weapons
 e - a +0 spear
 g - a +0 short sword
 i - a +0 club
 m - a +0 whip
 s - a +0 hand axe
 v - a +0 hunting sling
 x - a +0 hunting sling
 C - a +0 dagger of venom (weapon)
 F - a +2 hand axe of flaming
Missiles
 a - 24 arrows
 h - 3 javelins (quivered)
 l - 16 sling bullets
 o - 64 bolts
 r - 60 stones
Armour
 b - a +0 robe
 j - a +0 robe
 k - a +0 scale mail
 p - a scarf of spirit shield (worn)
 t - a +0 chain mail
 y - a +0 scale mail
 B - a +0 ring mail
 E - a +0 leather armour (worn)
Scrolls
 q - 2 scrolls of remove curse
 u - 2 scrolls of immolation {unknown}
 w - a scroll of identify {unknown}
 G - a scroll of fear {unknown}
Potions
 f - a potion of mutation {unknown}
 n - a potion of ambrosia {unknown}
 A - a potion of lignification {unknown}
 D - a potion of haste
Books
 c - a book of Changes

   Spells                             Type                      Level
   a - Beastly Appendage              Transmutation                1
   b - Sticks to Snakes               Transmutation                2
   c - Spider Form                    Transmutation/Poison         3
   d - Ice Form                       Ice/Transmutation            4
   e - Blade Hands                    Transmutation                5
Comestibles
 d - a ration
 z - a chunk of flesh


   Skills:
 + Level 1.3 Fighting
 + Level 1.2 Polearms
 + Level 0.6 Slings
 + Level 3.5 Dodging
 + Level 3.7 Unarmed Combat
 + Level 2.2 Spellcasting
 + Level 2.9 Transmutations


You couldn't memorise any spells.
You knew the following spells:

 Your Spells              Type           Power        Failure   Level  Hunger
a - Beastly Appendage     Tmut           #.....       10%         1    ##.....
b - Sticks to Snakes      Tmut           #.......     16%         2    ###....
c - Spider Form           Tmut/Pois      #.........   50%         3    ####...


Dungeon Overview and Level Annotations

Branches:
Dungeon (2/15)

Altars:

Annotations:
D:2 Sigmund


Innate Abilities, Weirdness & Mutations

You revert to your normal form in water.
You are very nimble and swift while swimming.
You are very stealthy in the water. (Stealth+)
You have a pair of horns on your head.


Message History

Sigmund hits you but does no damage.
You barely miss Sigmund. Your headbutt misses Sigmund.
Sigmund is moderately wounded.
You closely miss Sigmund.
Sigmund is moderately wounded.
Sigmund mumbles some strange words.
Sigmund flickers and vanishes!
Deactivating autopickup; reactivate with Ctrl-A.
Your transformation is almost over.
A magic dart appears from out of thin air!
The magic dart hits you!
You see here 5 sling bullets.
l - 16 sling bullets (gained 5)
You hear a zap.
A puff of flame appears from out of thin air!
The puff of flame hits you! Something hits you!
* * * LOW HITPOINT WARNING * * *
It was a potion of haste.
You feel yourself speed up. Something hits you.
You die...

......#..........⌠...⌠...⌠...#
......#.........#.##...##.##.
<.÷..........>..#.#.#.#.#.#
................#..##.##..#
......#.........#⌠...⌠...⌠##
.................####.####.#
...........................#
................##...>....##
......##.. #.?{@......####
..##### .# #...###....# ###
#.(........# ..# #...###.####
#... ..... #.. #### .###.. ...
# ### #####


There were no monsters in sight!

Vanquished Creatures
  An adder (D:2)
  2 leopard geckos (D:2)
  4 bats
  2 giant cockroaches (D:1)
  5 goblins
  5 hobgoblins (D:1)
  5 frilled lizards
  4 kobolds (D:1)
  4 rats (D:1)
32 creatures vanquished.

Vanquished Creatures (collateral kills)
  A worm (D:2)
  A hobgoblin (D:2)
  A frilled lizard (D:2)
3 creatures vanquished.

Grand Total: 35 creatures vanquished

Notes
Turn   | Place    | Note
-------+----------+-------------------------------------------
     0 | D:1      | Labyrinth the Merfolk Transmuter began the quest for the Orb.
     0 | D:1      | Reached XP level 1. HP: 15/15 MP: 3/3
    98 | D:1      | Reached XP level 2. HP: 11/21 MP: 3/5
   102 | D:1      | Learned a level 2 spell: Sticks to Snakes
   559 | D:1      | Reached skill level 1 in Polearms
   744 | D:1      | Reached XP level 3. HP: 26/26 MP: 4/6
   875 | D:1      | Learned a level 3 spell: Spider Form
  1403 | D:2      | Noticed Sigmund
  1422 | D:2      | HP: 1/26 [something (9)]
  1423 | D:2      | Slain by Sigmund

Skill      XL: |  1  2 |
---------------+-------+-----
Dodging        | 3 |  3.5
Polearms       | 1 |  1.2
Fighting       | |  1.3
Slings         | |  0.6
Unarmed Combat | |  3.7
Spellcasting   | |  2.2
Transmutations | |  2.9

Action                   || total
-------------------------++-------
Melee: Spear             ||    51
       Punch             ||     3
       Headbutt          ||     5
       Dagger            ||    10
 Fire: Hunting sling     ||    30
Throw: Javelin           ||     5
 Cast: Beastly Appendage ||     7
       Sticks to Snakes  ||     2
  Use: Scroll            ||     1
       Potion            ||     1
  Eat: Ration            ||     1
Armor: Robe              ||    15
       Leather armour    ||     1
Dodge: Dodged            ||    54
